 Dungeon Crawl Stone Soup version 0.23.2-1-ga50397a (webtiles) character file.

Game seed: 554785280122618509

53 mopl the Ruffian (level 3, 0/28 HPs)
             Began as a Minotaur Transmuter on May 11, 2019.
             Succumbed to an adder's poison
             ... on level 2 of the Dungeon.
             The game lasted 00:02:03 (1344 turns).

mopl the Ruffian (Minotaur Transmuter)              Turns: 1344, Time: 00:02:04

Health: 0/28       AC:  2    Str: 14    XL:     3   Next: 62%
Magic:  4/4        EV: 12    Int: 11    God:
Gold:   107        SH:  0    Dex: 10    Spells: 2/5 levels left

rFire    . . .     SeeInvis .     - Unarmed
rCold    + . .     Gourm    .   (no shield)
rNeg     . . .     Faith    .   b - +0 robe
rPois    .         Spirit   .   (helmet restricted)
rElec    .         Reflect  .   (no cloak)
rCorr    .         Harm     .   (no gloves)
MR       .....                  (boots currently unavailable)
Stlth    +.........             m - amulet of inaccuracy (curse)
HPRegen  0.09/turn              l - ring of protection from cold
MPRegen  0.09/turn              (no ring)

@: lethally poisoned (0 -> -22), appendage (expiring)
A: retaliatory headbutt, horns 2, talons 3
a: End Transformation


You were on level 2 of the Dungeon.
You were not hungry.
You had grown temporary talons.
You visited 1 branch of the dungeon, and saw 2 of its levels.

You collected 107 gold pieces.

Inventory:

Missiles
 a - 12 arrows
 e - 68 stones (quivered)
Armour
 b - a +0 robe (worn)
Jewellery
 l - a ring of protection from cold (left hand)
 m - a cursed amulet of inaccuracy (around neck)
Scrolls
 c - a scroll of teleportation
 f - 2 scrolls of identify
Potions
 h - a potion of agility
Comestibles
 d - 6 rations
 i - a chunk of flesh


   Skills:
 - Level 1.2 Fighting
 - Level 2.1 Dodging
 + Level 4.0 Unarmed Combat
 + Level 1.9 Spellcasting
 + Level 2.3 Transmutations


You had 2 spell levels left.
You knew the following spells:

 Your Spells              Type           Power        Failure   Level  Hunger
a - Beastly Appendage     Tmut           #.....       12%         1    ##.....
w - Sticks to Snakes      Tmut           #.......     17%         2    ###....

Your spell library contained the following spells:

 Spells                   Type           Power        Failure   Level  Hunger
 Spider Form              Tmut/Pois      #.........   50%         3    ####...
 Ice Form                 Ice/Tmut       #.......     88%         4    #####..
 Blade Hands              Tmut           #.........   97%         5    ######.


Dungeon Overview and Level Annotations

Branches:
Dungeon (2/15)

Altars:
Okawaru
Xom


Innate Abilities, Weirdness & Mutations

You reflexively headbutt those who attack you in melee.
You have a pair of horns on your head.
You have claws for feet.


Message History

The adder is heavily wounded.
The adder bites you.
You are more poisoned.
The adder poisons you! The giant cockroach misses you.
You miss the adder. Your headbutt misses the adder.
The adder is heavily wounded.
* * * LOW HITPOINT WARNING * * *
You feel sick. The adder bites you.
* * * LOW HITPOINT WARNING * * *
You are more poisoned.
The adder poisons you! The giant cockroach closely misses you.
You miss the adder. Your kick misses the adder.
The adder is heavily wounded.
* * * LOW HITPOINT WARNING * * *
You feel sick. The adder bites you.
* * * LOW HITPOINT WARNING * * *
You are more poisoned.
The adder poisons you! The giant cockroach bites you.
* * * LOW HITPOINT WARNING * * *
You die...

.......##.......#....,#..........
.......####.....#...,.#.........<
......#.,,#.....#.#.#.#........(.
......#..,#.....#..,..#..........
,******,,,#.....#.....#.......#'#
*******,,,#.....#r#.#.#..........
,,,,,,,,,,###...#sS...#.......###
,,,,,,,,,,* #...#.....#.........#
,,,,,,,,,,**#...@.............#.#
,,,,,,,,,.......................#
,,,,,,,,........................#
,,,,,,,,...........<..^.........#
,,,,,,,,......................#.#
,,,,,,,,.......#........##...>#.#
*,,,*,,,.......####.....##...##.#
*,,,*,,,,......,,,,.....*#...##.#
*,,,*,,,,,,,,,,*****,,,,*#...#*.#


You could see an adder, a quokka and a giant cockroach.

Vanquished Creatures
  An adder (D:2)
  A worm (D:2)
  A leopard gecko (D:1)
  10 giant cockroaches (D:2)
  4 goblins (D:1)
  6 hobgoblins
  2 kobolds (D:1)
  3 bats
  4 frilled lizards
  4 rats
36 creatures vanquished.

Notes
Turn   | Place    | Note
-------+----------+-------------------------------------------
     0 | D:1      | mopl the Minotaur Transmuter began the quest for the Orb.
     0 | D:1      | Reached XP level 1. HP: 16/16 MP: 1/1
   137 | D:1      | Found a shimmering altar of Xom.
   196 | D:1      | Reached XP level 2. HP: 16/23 MP: 3/3
   200 | D:1      | Learned a level 2 spell: Sticks to Snakes
   548 | D:1      | Reached skill level 2 in Transmutations
  1000 | D:2      | Found an iron altar of Okawaru.
  1006 | D:2      | Reached XP level 3. HP: 26/28 MP: 4/4
  1120 | D:2      | Reached skill level 4 in Unarmed Combat
  1344 | D:2      | Succumbed to an adder's poison

Skill      XL: |  1  2  3 |
---------------+----------+-----
Transmutations | 2 |  2.3
Unarmed Combat | 4 |  4.0
Fighting       | |  1.2
Dodging        | |  2.1
Spellcasting   | |  1.9

Action                   || total
-------------------------++-------
Melee: Unarmed           ||    91
       Kick              ||     6
       Headbutt          ||     5
 Cast: Beastly Appendage ||     9
  Use: Scroll            ||     5
 Stab: Sleeping          ||     2
  Eat: Chunk             ||     2
Armor: Robe              ||    20
Dodge: Dodged            ||    52
